cohdb
Replays
Latest Replays
All Replays
Popular Replays
Top Player Replays
Match Explorer
How It Works
Community
CoH3 Stats
Reddit
Sign in to upload your games and track your stats! →
Sign in with Steam
Match 45848848
Unlisted
Match 45848848
Overview
Messages
Build Orders
End
Panzerpioneer Squad
Panzerpioneer Squad
Selects Italian Infantry
Panzerpioneer Squad
Construct Light Support Kompanie
Selects Defensive Operations
Fire Support Elements
le.IG 18 Support Gun Team
Pak 38 Anti-tank Gun Team
Selects Guastatori Squad
Guastatori Squad
Construct Panzerarmee Kommand
le.IG 18 Support Gun Team
Drink||Chouchen
janemba914
Lmtols
Bulls 4 Palestine!
Urge to Merge
Shoot Deodorant At India
0
0
Comments
sign in to comment!
No comments posted yet!